 Dungeon Crawl Stone Soup version 0.23-a0-61-g4bf3f6c (webtiles) character file.

132 Mgcat the Caller (level 5, 0/38 HPs)
             Began as a Hill Orc Summoner on Aug 9, 2018.
             Succumbed to a worker ant's poison
             ... on level 3 of the Dungeon.
             The game lasted 00:05:48 (2828 turns).

Mgcat the Caller (Hill Orc Summoner)                Turns: 2828, Time: 00:05:49

Health: 0/38       AC:  3    Str: 11      XL:     5   Next: 15%
Magic:  9/9        EV: 12    Int: 15 (16) God:
Gold:   117        SH:  0    Dex:  8 (11) Spells: 4/10 levels left

rFire    . . .     SeeInvis .   k - +0 spear
rCold    . . .     Gourm    .   (no shield)
rNeg     + . .     Faith    .   a - +0 robe
rPois    .         Spirit   .   (no helmet)
rElec    .         Reflect  .   (no cloak)
rCorr    .         Harm     .   (no gloves)
MR       .....                  (no boots)
Stlth    +.........             (no amulet)
HPRegen  0.12/turn              g - ring of positive energy {rN+}
MPRegen  0.11/turn              l - +1 ring of protection

@: lethally poisoned (0 -> -2)
A: no striking features
a: no special abilities


You were on level 3 of the Dungeon.
You were hungry.

You visited 1 branch of the dungeon, and saw 3 of its levels.

You collected 117 gold pieces.

Inventory:

Hand Weapons
 k - a +0 spear (weapon)
   (You found it on level 2 of the Dungeon)
Armour
 a - a +0 robe (worn)
Jewellery
 g - a ring of positive energy (left hand) {rN+}
   (You found it on level 1 of the Dungeon)
 l - a +1 ring of protection (right hand)
   (You found it on level 2 of the Dungeon)
Scrolls
 b - 2 scrolls of identify {unknown}
 d - 2 scrolls of remove curse {unknown}
 e - 2 scrolls of teleportation {unknown}
 f - 2 scrolls of fog {unknown}
Comestibles
 c - 4 rations
 i - 4 chunks of flesh {@w0}


   Skills:
 - Level 1.5 Dodging
 - Level 1.5 Stealth
 + Level 3.0 Spellcasting
 + Level 5.2 Summonings


You had 4 spell levels left.
You knew the following spells:

 Your Spells              Type           Power        Failure   Level  Hunger
a - Summon Small Mammal   Summ           ###.         2%          1    #......
b - Call Imp              Summ           ###.....     3%          2    ##.....
c - Call Canine Familiar  Summ           ###.....     7%          3    ###....

Your spell library contained the following spells:

 Spells                   Type           Power        Failure   Level  Hunger
 Summon Ice Beast         Ice/Summ       ##......     56%         4    #####..
 Summon Lightning Spire   Summ/Air       ##......     56%         4    #####..
 Summon Guardian Golem    Hex/Summ       ##......     21%         3    ###....


Dungeon Overview and Level Annotations

Branches:
Dungeon (3/15)

Altars:


Message History

The worker ant is heavily wounded.
The worker ant bites you. x2
You are poisoned.
The worker ant poisons you!
Casting: Call Canine Familiar (safe; 7% risk of failure)
Confirm with . or Enter, or press ? or * to list all spells.
You feel sick. The worker ant bites you.
Casting: Call Canine Familiar (safe; 7% risk of failure)
Confirm with . or Enter, or press ? or * to list all spells.
A beastly little devil appears in a puff of flame.
You feel sick. The worker ant bites you.
Your hound barely misses the worm.
Your hound barely misses the worm.
The worker ant misses you.
Your hound bites the worm.
Your crimson imp barely misses the worker ant.
You hit the worker ant.
The worker ant is heavily wounded.
The worker ant barely misses you.
Your hound bites the worm.
Your crimson imp closely misses the worker ant.
The worker ant waves its antennae.
The worker ant bites you!
You barely miss the worker ant.
The worker ant is heavily wounded.
You feel sick.
Your hound barely misses the worm.
Your hound bites the worm but does no damage.
The worker ant bites you.
* * * LOW HITPOINT WARNING * * *
You are lethally poisoned!
The worker ant poisons you!
Your crimson imp hits the worker ant.
It was a potion of degeneration.
There was something very wrong with that liquid.
You feel weakened.
You feel dopey.
You feel clumsy.
* * * LOW HITPOINT WARNING * * *
You feel sick.
Your hound bites the worm.
The worker ant barely misses you. The worm closely misses your hound.
Your crimson imp closely misses the worker ant.
It was a potion of magic.
Magic courses through your body.
* * * LOW HITPOINT WARNING * * *
You feel sick.
Your hound barely misses the worm.
The worker ant closely misses you.
Your hound bites the worm.
Your crimson imp hits the worker ant but does no damage.
The worm barely misses your hound.
Your hound bites the worm.
The worker ant misses your crimson imp.
Your crimson imp hits the worker ant.
* * * LOW HITPOINT WARNING * * *
You feel sick.
Your hound bites the worm.
The worker ant misses your crimson imp.
Your hound bites the worm.
The worm dies!
You have reached level 5!
You feel stronger.
Your crimson imp hits the worker ant.
The worker ant barely misses your crimson imp.
Unknown command.
Unknown command.
Unknown command.
Unknown command.
Casting: Call Imp (safe; 3% risk of failure)
Confirm with . or Enter, or press ? or * to list all spells.
* * * LOW HITPOINT WARNING * * *
You feel sick.
Your hound barely misses the worker ant.
The worker ant misses your crimson imp.
Your crimson imp closely misses the worker ant.
* * * LOW HITPOINT WARNING * * *
You feel sick.
Your hound barely misses the worker ant.
The worker ant bites your crimson imp.
Your hound barely misses the worker ant.
Your crimson imp hits the worker ant.
You swap places.
Your hound bites the worker ant.
The worker ant dies!
You feel your strength returning.
Your Spellcasting skill increases to level 3!
* * * LOW HITPOINT WARNING * * *
You feel sick.
You aren't carrying any potions.
You aren't carrying any potions.
You aren't carrying any potions.
You swap places.
You swap places.
* * * LOW HITPOINT WARNING * * *
You feel sick.
* * * LOW HITPOINT WARNING * * *
You feel sick.
There is an open door here.
You aren't carrying any potions.
Okay, then.
Unknown command.
Some of the chunks of flesh in your inventory have rotted away.
* * * LOW HITPOINT WARNING * * *
You feel sick.
There is a fountain of clear blue water here.
Your hound disappears in a puff of smoke!
* * * LOW HITPOINT WARNING * * *
You feel sick.
Your crimson imp disappears in a puff of smoke!
You aren't carrying any potions.
Sorry, you're not good enough to have a special ability.
You see here 6 gold pieces.
You now have 117 gold pieces (gained 6).
You die...

.#
#......######...#
## #......#
###'### #
##..#+##
##.....##
#...#..#
#+.......+#
#....#...#
##....⌠....##
######...#
#...⌠...⌠...#
#..##
#...........#
######.##
+..⌠..⌠..⌠..+
#.......##
#...@r......#
#........#
#...⌠...⌠...#
#.....<..#
##....⌠....##
#........#
#+.......+#
#........#
##.....##
########.#
###+### ..# ....
....


You could see a friendly quokka.

Vanquished Creatures
  A worker ant (D:2)
  An adder (D:2)
  An ooze (D:2)
  3 dart slugs
  2 leopard geckos
  An orc (D:2)
  A giant cockroach (D:2)
  5 goblins
  2 jackals
  7 kobolds
  2 quokkas (D:2)
  5 bats
  5 rats
36 creatures vanquished.

Vanquished Creatures (collateral kills)
  A worker ant (D:3)
  2 adders
  4 worms
  2 dart slugs
  A leopard gecko (D:3)
  An orc (D:3)
  4 giant cockroaches
  2 goblins (D:2)
  A hobgoblin (D:1)
  5 jackals
  4 kobolds
  A quokka (D:3)
  A frilled lizard (D:1)
  2 rats
31 creatures vanquished.

Grand Total: 67 creatures vanquished

Notes
Turn   | Place    | Note
-------+----------+-------------------------------------------
     0 | D:1      | Mgcat the Hill Orc Summoner began the quest for the Orb.
     0 | D:1      | Reached XP level 1. HP: 14/14 MP: 3/3
   436 | D:1      | Reached XP level 2. HP: 9/20 MP: 2/4
   440 | D:1      | Learned a level 2 spell: Call Imp
   654 | D:1      | Reached skill level 2 in Spellcasting
  1132 | D:1      | Reached XP level 3. HP: 13/26 MP: 2/6
  1332 | D:1      | Learned a level 3 spell: Call Canine Familiar
  1892 | D:2      | Reached XP level 4. HP: 30/33 MP: 3/7
  2270 | D:2      | Reached skill level 5 in Summonings
  2806 | D:3      | HP: 8/33 [worker ant (2)]
  2810 | D:3      | Reached XP level 5. HP: 6/38 MP: 9/9
  2811 | D:3      | HP: 5/38 [poisoned by a worker ant]
  2813 | D:3      | Reached skill level 3 in Spellcasting
  2816 | D:3      | HP: 3/38 [poisoned by a worker ant]
  2821 | D:3      | HP: 1/38 [poisoned by a worker ant]
  2828 | D:3      | Succumbed to a worker ant's poison

Vault maps used:
D:1:      dpeg_arrival_tiny_h, serial_co_window_serial, co_window_corner_a,
          co_window_corner_a, co_window_paths_b, co_window_of_opportunity_a,
          co_window_paths_a, co_window_corner_a, co_window_of_opportunity_b,
          co_window_corner_ca, co_window_unsneaky_path_c, co_window_cross_4,
          co_window_paths_d, glass_columns_b, glass_columns_b, minmay_surrounded
D:2:      kennysheep_another_room
D:3:      minmay_goblin_kobold_castle, grunt_temple_overflow_octagram

Skill      XL: |  1  2  3  4  5 |
---------------+----------------+-----
Spellcasting   | 2 3 |  3.0
Summonings     | 5 |  5.2
Dodging        | |  1.5
Stealth        | |  1.5

Action                   |  1- 3 |  4- 6 || total
-------------------------+-------+-------++-------
Melee: Dagger            |    31 |       ||    31
       Unarmed           |     4 |       ||     4
       Mace              |    69 |    24 ||    93
       Spear             |       |    38 ||    38
 Cast: Summon Small Mamm |     9 |     1 ||    10
       Call Imp          |    10 |     2 ||    12
       Call Canine Famil |     6 |     8 ||    14
  Use: Potion            |       |     2 ||     2
 Stab: Sleeping          |     1 |     2 ||     3
  Eat: Chunk             |     5 |     3 ||     8
Armor: Robe              |    35 |    16 ||    51
Dodge: Dodged            |    78 |    39 ||   117

Table legend:
 A = Non-vault XP
 B = Vault XP
 C = Vault XP percentage of total XP
 D = Non-vault monster count
 E = Vault monster count
 F = Vault count percentage of total count
 G = Total turns spent on level
                 A         B        C        D         E       F
            +---------+---------+-------+---------+---------+-------
      Total |     180 |       9 |   4.8 |      60 |       7 |  10.4
            +---------+---------+-------+---------+---------+-------
        D:1 |      33 |       8 |  19.5 |      22 |       6 |  21.4
        D:2 |      95 |       0 |   0.0 |      25 |       0 |   0.0
        D:3 |      52 |       1 |   1.9 |      13 |       1 |   7.1
            +---------+---------+-------+---------+---------+-------

Vault maps used:
D:1:      dpeg_arrival_tiny_h, serial_co_window_serial, co_window_corner_a,
          co_window_corner_a, co_window_paths_b, co_window_of_opportunity_a,
          co_window_paths_a, co_window_corner_a, co_window_of_opportunity_b,
          co_window_corner_ca, co_window_unsneaky_path_c, co_window_cross_4,
          co_window_paths_d, glass_columns_b, glass_columns_b, minmay_surrounded
D:2:      kennysheep_another_room
D:3:      minmay_goblin_kobold_castle, grunt_temple_overflow_octagram

Table legend:
 A = Turns spent in this place as a percentage of turns spent in the entire game.
 B = Non-inter-level travel turns spent in this place as a percentage of non-inter-level travel turns spent in the entire game.
 C = Inter-level travel turns spent in this place as a percentage of turns spent in this place.
 D = Turns resting spent in this place as a percentage of non-inter-level travel turns spent in this place.
 E = Turns spent auto-exploring this place as a percentage of non-inter-level travel turns spent in this place.
 F = Non-inter-level travel turns spent in this place divided by the number of levels of this place that you've seen.
                   A       B       C       D       E      F
               +-------+-------+-------+-------+-------+----------------------
         Total | 100.0 | 100.0 |   2.4 |   0.0 |  81.4 | 919.7
       Dungeon | 100.0 | 100.0 |   2.4 |   0.0 |  81.4 | 919.7
               +-------+-------+-------+-------+-------+----------------------

Table legend:
 A = Kills in this place as a percentage of kills in entire the game.
 B = Kills by you in this place as a percentage of kills by you in the entire game.
 C = Kills by friends in this place as a percentage of kills by friends in the entire game.
 D = Other kills in this place as a percentage of other kills in the entire game.
 E = Experience gained in this place as a percentage of experience gained in the entire game.
 F = Experience gained in this place divided by the number of levels of this place that you have seen.
                   A       B       C       D       E      F
               +-------+-------+-------+-------+-------+----------------------
         Total | 100.0 | 100.0 | 100.0 |   N/A | 100.0 |  63.0
       Dungeon | 100.0 | 100.0 | 100.0 |   N/A | 100.0 |  63.0
               +-------+-------+-------+-------+-------+----------------------
